 Dungeon Crawl Stone Soup version 0.25.1-2-g60ff931df9 (webtiles) character file.

Game seed: 1524668736413214225

642 HawFromDerth the Chiller (level 7, -2/37 HPs)
             Began as a Deep Elf Ice Elementalist on Sept 22, 2020.
             Killed by divine providence
             ... invoked by an orc priest
              (9 damage)
             ... on level 4 of the Dungeon.
             The game lasted 00:10:56 (4572 turns).

HawFromDerth the Chiller (DEIE)                     Turns: 4572, Time: 00:10:56

Health: -2/37      AC:  7    Str:  5    XL:     7   Next: 26%
Magic:  16/19      EV: 14    Int: 22    God:
Gold:   165        SH:  0    Dex: 15    Spells: 11/19 levels left

rFire    . . .     SeeInvis .   q - +4 short sword (distort)
rCold    + . .     Gourm    .   (no shield)
rNeg     . . .     Faith    .   a - +0 robe
rPois    .         Spirit   .   (no helmet)
rElec    .         Reflect  .   (no cloak)
rCorr    .         Harm     .   s - +0 pair of gloves
MR       .....                  (no boots)
Stlth    ++........             (no amulet)
HPRegen  0.12/turn              f - ring of protection from cold
MPRegen  0.16/turn              m - +4 ring of protection

@: frozen ramparts
A: no striking features
a: no special abilities


You were on level 4 of the Dungeon.
You were not hungry.

You visited 1 branch of the dungeon, and saw 5 of its levels.

You collected 165 gold pieces.

Inventory:

Hand Weapons
 q - a +4 short sword of distortion (weapon)
Armour
 a - a +0 robe (worn)
 s - a +0 pair of gloves (worn)
Jewellery
 f - a ring of protection from cold (left hand)
 m - a +4 ring of protection (right hand)
 t - an uncursed ring of protection from fire {unknown}
Scrolls
 e - a scroll of noise {unknown}
 g - 4 scrolls of teleportation {unknown}
 h - 2 scrolls of blinking {unknown}
 i - a scroll of magic mapping {unknown}
 j - 5 scrolls of identify {unknown}
 k - a scroll of fog {unknown}
 n - 2 scrolls of enchant armour {unknown}
 r - 2 scrolls of enchant weapon {unknown}
Potions
 b - 5 potions of curing {unknown}
 d - a potion of degeneration {unknown}
 l - 3 potions of lignification {unknown}
 o - a potion of resistance {unknown}
 p - a potion of heal wounds {unknown}
 u - a potion of brilliance {unknown}
 w - a potion of mutation {unknown}
Comestibles
 c - 6 rations


   Skills:
 + Level 0.6 Fighting
 + Level 0.7 Short Blades
 + Level 3.9 Dodging
 + Level 3.2 Stealth
 + Level 6.9 Spellcasting
 + Level 7.2 Ice Magic


You had 11 spell levels left.
You knew the following spells:

 Your Spells              Type           Power        Failure   Level  Hunger
a - Freeze                Ice            ####         1%          1    None
b - Frozen Ramparts       Ice            #####.       1%          3    None
c - Hailstorm             Conj/Ice       ###.....     19%         4    ###....

Your spell library contained the following spells:

 Spells                   Type           Power        Failure   Level  Hunger
 Ozocubu's Armour         Chrm/Ice       ###.....     5%          3    None
 Summon Ice Beast         Ice/Summ       ###.....     19%         4    ###....


Dungeon Overview and Level Annotations

Branches:
Dungeon (5/15)
 Temple: D:4-7

Altars:
Cheibriados
Dithmenos
Fedhas
Gozag
Kikubaaqudgha
Makhleb
Ru
Wu Jian
The Shining One

Shops:
D:4 =


Message History

* * * LOW HITPOINT WARNING * * *
The worker ant twitches its antennae in your direction.
Casting: Frozen Ramparts (safe; 1% risk of failure)
Confirm with . or Enter, or press ? or * to list all spells.
The walls around you are covered in ice.
The wall freezes the worker ant.
The worker ant bites you but does no damage.
You hit the worker ant.
Space warps horribly around the worker ant!
You kill the worker ant!
The wall freezes the orc priest.
You hit the orc priest.
The orc priest is heavily wounded.
The orc priest blinks!
The wall freezes the orc wizard!
You hit the orc priest.
The orc priest is severely wounded.
The orc priest blinks!
The orc priest invokes the aid of Beogh against you.
Beogh smites you!
You die...

#.............o........
##.......##.|...........
##.........##...$........
##....##.##o#.....>..#....
#...#....o..........## ...
#........o....#......# .
##....#..##...#.....##
##.....o.###†..#......#.
.........# #@§.........#
...
......o.####o..#......##
...
........##.....#......#


oo.. ...........o...#.....## o.... .........o..#.##.....# #o..
#....................##..# . #....................#...###.
##................#...#...... ###..............##..#...(.. You could see 3 orc
priests and an orc wizard.

Vanquished Creatures
  Duvessa (D:4)
  An orc warrior (D:4)
  An ogre (D:4)
  Blork the orc (D:4)
  Dowan (D:4)
  Jessica (D:3)
  An iguana (D:4)
  A worker ant (D:4)
  4 gnolls (D:2)
  4 adders
  An ooze (D:1)
  2 adder skeletons (D:4)
  3 worms
  A dart slug (D:1)
  3 leopard geckos
  7 orcs
  5 bats
  6 giant cockroaches (D:1)
  5 hobgoblins
  A quokka (D:2)
  6 frilled lizards
  8 goblins
  11 kobolds
  7 rats
82 creatures vanquished.

Notes
Turn   | Place    | Note
-------+----------+-------------------------------------------
     0 | D:1      | HawFromDerth the Deep Elf Ice Elementalist began the quest
                  | for the Orb.
     0 | D:1      | Reached XP level 1. HP: 10/10 MP: 6/6
    99 | D:1      | Reached XP level 2. HP: 15/15 MP: 5/8
   690 | D:1      | Reached skill level 5 in Ice Magic
   784 | D:1      | Reached XP level 3. HP: 19/19 MP: 5/9
  1152 | D:2      | Found an ornate altar of the Wu Jian Council.
  1382 | D:2      | Reached XP level 4. HP: 24/24 MP: 6/12
  1862 | D:2      | Found a burning altar of Makhleb.
  1864 | D:2      | Found an opulent altar of Gozag.
  1869 | D:2      | Found a sacrificial altar of Ru.
  1869 | D:2      | Found a shadowy altar of Dithmenos.
  1869 | D:2      | Found a glowing golden altar of the Shining One.
  1869 | D:2      | Found a blossoming altar of Fedhas.
  1869 | D:2      | Found an ancient bone altar of Kikubaaqudgha.
  2099 | D:1      | Learned a level 3 spell: Frozen Ramparts
  2608 | D:2      | Learned a level 4 spell: Hailstorm
  2723 | D:2      | Found a snail-covered altar of Cheibriados.
  2885 | D:3      | Reached XP level 5. HP: 28/28 MP: 11/13
  3266 | D:3      | Noticed Jessica
  3285 | D:3      | Killed Jessica
  3285 | D:3      | Reached skill level 6 in Ice Magic
  3429 | D:4      | Found Imam's Jewellery Emporium.
  3429 | D:4      | Noticed Duvessa
  3431 | D:4      | Noticed Dowan
  3436 | D:4      | Noticed an ogre
  3439 | D:4      | Killed Duvessa
  3439 | D:4      | Reached skill level 5 in Spellcasting
  3439 | D:4      | Reached XP level 6. HP: 22/33 MP: 8/16
  3441 | D:4      | Killed Dowan
  3441 | D:4      | Noticed Blork the orc
  3449 | D:4      | Noticed an orc warrior
  3485 | D:5      | Entered Level 5 of the Dungeon
  4304 | D:4      | Killed an orc warrior
  4304 | D:4      | Reached skill level 7 in Ice Magic
  4304 | D:4      | Reached XP level 7. HP: 22/37 MP: 14/18
  4308 | D:4      | Killed Blork the orc
  4572 | D:4      | Killed from afar by an orc priest

Illustrated notes

Levels and vault maps discovered:
D:1:      wander_arrival_fairy_ring, layout_basic, minmay_worlds_worst_comb
D:2:      layout_loops_ring, minitemple, lemuel_doored_altar, first_ration
D:3:      layout_basic, uniq_jessica
D:4:      layout_cave_pools, kennysheep_little_box, serial_shops, shop,
          uniq_crazy_yiuf_cottage, uniq_duvessa, uniq_robin, uniq_blork_the_orc
D:5:      layout_basic, uniq_grinder, uniq_eustachio

Skill      XL: |  1  2  3  4  5  6 |
---------------+-------------------+-----
Ice Magic      | 5 6 7 |  7.2
Spellcasting   | 4 5 6 |  6.9
Dodging        | 3 |  3.9
Stealth        | 3 |  3.2
Fighting       | |  0.6
Short Blades   | |  0.7

Action                   |  1- 3 |  4- 6 |  7- 9 || total
-------------------------+-------+-------+-------++-------
Melee: Unarmed           |     2 |     2 |       ||     4
       Short sword       |       |     9 |     4 ||    13
 Cast: Freeze            |    60 |    35 |       ||    95
       Frozen Ramparts   |       |    10 |     1 ||    11
 Stab: Sleeping          |       |       |     1 ||     1
  Eat: Chunk             |       |     3 |     1 ||     4
       Ration            |       |     2 |       ||     2
Armor: Robe              |     6 |    17 |     1 ||    24
Dodge: Dodged            |    25 |    58 |       ||    83
